NYP
SALEM-KEIZER VOLCANOES @ CINCINNATI (NYP) REDS
06/26/2044
 
TOP OF THE 1ST
Salem-Keizer Volcanoes batting - Pitching for Cincinnati (NYP) Reds : LHP Jerry Nero
Pitching: LHP Jerry Nero
Batting: LHB Gil Caraveo 0-0: Fly out, F4 (Popup, 34S, EV 84.4 MPH)
Batting: RHB Bill Defazio 0-0: Ball
1-0: Called Strike
1-1: Fly out, F8 (Flyball, 78D, EV 93.8 MPH)
Batting: RHB Danny Gallo 0-0: Ball
1-0: Ground out 6-3 (Groundball, 6, EV 100.0 MPH)
Top of the 1st over - 0 runs, 0 hits, 0 errors, 0 left on base; Salem-Keizer 0 - Cincinnati (NYP) 0
BOTTOM OF THE 1ST
Cincinnati (NYP) Reds batting - Pitching for Salem-Keizer Volcanoes : LHP Matt Bagnall
Pitching: LHP Matt Bagnall
Batting: SHB Bryan Johnston 0-0: Ball
1-0: Called Strike
1-1: Foul Ball, location: 2F
1-2: Foul Ball, location: 2F
1-2: DOUBLE (Groundball, 5L, EV 102.5 MPH)
Batting: LHB Fernando Gomez 0-0: Ball
1-0: Swinging Strike
1-1: Ball
2-1: Swinging Strike
2-2: Strikes out swinging
Batting: RHB Ricky Carbajal 0-0: Fly out, F9 (Flyball, 9LM, EV 75.6 MPH)
Runner from 2nd tags up, SAFE at 3rd, no throw by RF
Batting: RHB Jamie Ingram 0-0: Foul Ball, location: 2F
0-1: Fly out, F8 (Flyball, 8LM, EV 86.9 MPH)
Bottom of the 1st over - 0 runs, 1 hit, 0 errors, 1 left on base; Salem-Keizer 0 - Cincinnati (NYP) 0
TOP OF THE 2ND
Salem-Keizer Volcanoes batting - Pitching for Cincinnati (NYP) Reds : LHP Jerry Nero
Batting: RHB Justin Layton 0-0: Called Strike
0-1: Swinging Strike
0-2: Foul Ball, location: 2F
0-2: Ball
1-2: Strikes out swinging
Batting: RHB Gabe Ochoa 0-0: Ball
1-0: Ball
2-0: Called Strike
2-1: Foul Ball, location: 2F
2-2: Strikes out swinging
Batting: LHB Ryan Anderson 0-0: Ball
1-0: Foul Ball, location: 2F
1-1: Foul Ball, location: 2F
1-2: Ball
2-2: Strikes out swinging
Top of the 2nd over - 0 runs, 0 hits, 0 errors, 0 left on base; Salem-Keizer 0 - Cincinnati (NYP) 0
BOTTOM OF THE 2ND
Cincinnati (NYP) Reds batting - Pitching for Salem-Keizer Volcanoes : LHP Matt Bagnall
Batting: RHB Kagetoki Kawai 0-0: Swinging Strike
0-1: Called Strike
0-2: Strikes out swinging
Batting: RHB Dave Ruiz 0-0: Ground out 5-3 (Groundball, 5, EV 80.6 MPH)
Batting: RHB Bill Hainey 0-0: Ball
1-0: Foul Ball, location: 2F
1-1: Swinging Strike
1-2: Ball
2-2: Ground out 1-3 (Groundball, 25, EV 70.0 MPH)
Bottom of the 2nd over - 0 runs, 0 hits, 0 errors, 0 left on base; Salem-Keizer 0 - Cincinnati (NYP) 0
TOP OF THE 3RD
Salem-Keizer Volcanoes batting - Pitching for Cincinnati (NYP) Reds : LHP Jerry Nero
Batting: RHB Ryan Bentz 0-0: Called Strike
0-1: Swinging Strike
0-2: Ball
1-2: Strikes out looking
Batting: RHB Willie Sanchez 0-0: Ball
1-0: Foul Ball, location: 2F
1-1: Ball
2-1: Swinging Strike
2-2: Ball
3-2: SINGLE (Groundball, 5L, EV 103.1 MPH) (infield hit)
Batting: RHB Ryan Johnston 0-0: Ball
1-0: Swinging Strike
1-1: Called Strike
1-2: Ball
2-2: Foul Ball, location: 2F
2-2: Ball
3-2: Strikes out swinging
Batting: LHB Gil Caraveo 0-0: Called Strike
0-1: Ball
1-1: Swinging Strike
1-2: Reached on error, E4 (Groundball, 4D, EV 88.1 MPH)
Willie Sanchez to second
Batting: RHB Bill Defazio 0-0: Ball
1-0: Ball
2-0: Ball
3-0: Base on Balls
Willie Sanchez to third
Gil Caraveo to second
Batting: RHB Danny Gallo 0-0: Swinging Strike
0-1: Ball
1-1: Called Strike
1-2: Ball
2-2: Strikes out looking
Top of the 3rd over - 0 runs, 1 hit, 1 error, 3 left on base; Salem-Keizer 0 - Cincinnati (NYP) 0
BOTTOM OF THE 3RD
Cincinnati (NYP) Reds batting - Pitching for Salem-Keizer Volcanoes : LHP Matt Bagnall
Batting: RHB Marcus Carter 0-0: Called Strike
0-1: Ground out 5-3 (Groundball, 5, EV 103.1 MPH)
Batting: RHB Chae-seong Lee 0-0: Ground out 4-3 (Groundball, 4, EV 101.2 MPH)
Batting: SHB Bryan Johnston 0-0: Called Strike
0-1: Foul Ball, location: 2F
0-2: Ball
1-2: Foul Ball, location: 2F
1-2: SINGLE (Line Drive, 89S, EV 111.9 MPH)
Batting: LHB Fernando Gomez 0-0: Called Strike
0-1: Foul Ball, location: 2F
0-2: Ball
1-2: Foul Ball, location: 2F
1-2: Ground out 6-3 (Groundball, 6MS, EV 91.2 MPH)
Bottom of the 3rd over - 0 runs, 1 hit, 0 errors, 1 left on base; Salem-Keizer 0 - Cincinnati (NYP) 0
TOP OF THE 4TH
Salem-Keizer Volcanoes batting - Pitching for Cincinnati (NYP) Reds : LHP Jerry Nero
Batting: RHB Justin Layton 0-0: Ball
1-0: Foul Ball, location: 2F
1-1: Swinging Strike
1-2: Ball
2-2: Strikes out swinging
Batting: RHB Gabe Ochoa 0-0: Called Strike
0-1: Hit by Pitch
Batting: LHB Ryan Anderson 0-0: Called Strike
0-1: Ball
1-1: Fielders Choice at 2nd, 4-6 (Groundball, 4, EV 105.0 MPH)
Batting: RHB Ryan Bentz 0-0: Called Strike
0-1: Called Strike
0-2: Ball
1-2: Fly out, F1 (Line Drive, P, EV 66.2 MPH)
Top of the 4th over - 0 runs, 0 hits, 0 errors, 1 left on base; Salem-Keizer 0 - Cincinnati (NYP) 0
BOTTOM OF THE 4TH
Cincinnati (NYP) Reds batting - Pitching for Salem-Keizer Volcanoes : LHP Matt Bagnall
Batting: RHB Ricky Carbajal 0-0: Swinging Strike
0-1: Swinging Strike
0-2: Strikes out swinging
Batting: RHB Jamie Ingram 0-0: Called Strike
0-1: Swinging Strike
0-2: Ball
1-2: Fly out, F8 (Flyball, 8LS, EV 83.1 MPH)
Batting: RHB Kagetoki Kawai 0-0: Ball
1-0: Foul Ball, location: 2F
1-1: Called Strike
1-2: Foul Ball, location: 2F
1-2: Ball
2-2: Foul Ball, location: 2F
2-2: Ball
3-2: Base on Balls
Batting: RHB Dave Ruiz 0-0: Called Strike
0-1: Ball
1-1: Ball
2-1: Ball
3-1: Fly out, F7 (Flyball, 78S, EV 91.2 MPH)
Bottom of the 4th over - 0 runs, 0 hits, 0 errors, 1 left on base; Salem-Keizer 0 - Cincinnati (NYP) 0
TOP OF THE 5TH
Salem-Keizer Volcanoes batting - Pitching for Cincinnati (NYP) Reds : LHP Jerry Nero
Batting: RHB Willie Sanchez 0-0: Called Strike
0-1: Swinging Strike
0-2: Foul Ball, location: 2F
0-2: Ball
1-2: Strikes out swinging
Batting: RHB Ryan Johnston 0-0: Ball
1-0: Called Strike
1-1: Foul Ball, location: 2F
1-2: Ball
2-2: Strikes out looking
Batting: LHB Gil Caraveo 0-0: Ball
1-0: Ground out 4-3 (Groundball, 4, EV 103.8 MPH)
Top of the 5th over - 0 runs, 0 hits, 0 errors, 0 left on base; Salem-Keizer 0 - Cincinnati (NYP) 0
BOTTOM OF THE 5TH
Cincinnati (NYP) Reds batting - Pitching for Salem-Keizer Volcanoes : LHP Matt Bagnall
Batting: RHB Bill Hainey 0-0: Ground out 5-3 (Groundball, 5S, EV 71.9 MPH)
Batting: RHB Marcus Carter 0-0: Swinging Strike
0-1: Called Strike
0-2: Ball
1-2: Foul Ball, location: 2F
1-2: Foul Ball, location: 2F
1-2: Ball
2-2: Strikes out swinging
Batting: RHB Chae-seong Lee 0-0: Ball
1-0: Swinging Strike
1-1: Swinging Strike
1-2: Foul Ball, location: 2F
1-2: Strikes out swinging
Bottom of the 5th over - 0 runs, 0 hits, 0 errors, 0 left on base; Salem-Keizer 0 - Cincinnati (NYP) 0
TOP OF THE 6TH
Salem-Keizer Volcanoes batting - Pitching for Cincinnati (NYP) Reds : LHP Jerry Nero
Batting: RHB Bill Defazio 0-0: Called Strike
0-1: Foul Ball, location: 2F
0-2: Foul Ball, location: 2F
0-2: Foul Ball, location: 2F
0-2: Ball
1-2: Ball
2-2: Fly out, F8 (Flyball, 89D, EV 95.0 MPH)
Batting: RHB Danny Gallo 0-0: Ball
1-0: Foul Ball, location: 2F
1-1: Ball
2-1: Ground out 6-3 (Groundball, 6MD, EV 100.6 MPH)
Batting: RHB Justin Layton 0-0: Swinging Strike
0-1: Ball
1-1: Fly out, F7 (Line Drive, 7, EV 93.1 MPH)
Top of the 6th over - 0 runs, 0 hits, 0 errors, 0 left on base; Salem-Keizer 0 - Cincinnati (NYP) 0
BOTTOM OF THE 6TH
Cincinnati (NYP) Reds batting - Pitching for Salem-Keizer Volcanoes : LHP Matt Bagnall
Batting: SHB Bryan Johnston 0-0: Ball
1-0: Fly out, F9 (Flyball, 9LS, EV 87.5 MPH)
Batting: LHB Fernando Gomez 0-0: Ball
1-0: Ball
2-0: Ball
3-0: Base on Balls
Batting: RHB Ricky Carbajal 0-0: Ball
1-0: Ball
2-0: DOUBLE (Flyball, 8RXD, EV 108.1 MPH)
Fernando Gomez to third
Runner from 3rd tries for Home, SAFE, throw by CF to home
Batting: RHB Jamie Ingram 0-0: Intentional Walk
Pitching: RHP Damian Molina
Batting: RHB Kagetoki Kawai 0-0: Called Strike
0-1: Called Strike
0-2: Strikes out looking
Batting: RHB Dave Ruiz 0-0: Foul Ball, location: 2F
0-1: Swinging Strike
0-2: Strikes out looking
Bottom of the 6th over - 1 run, 1 hit, 0 errors, 2 left on base; Salem-Keizer 0 - Cincinnati (NYP) 1
TOP OF THE 7TH
Salem-Keizer Volcanoes batting - Pitching for Cincinnati (NYP) Reds : LHP Jerry Nero
Batting: RHB Gabe Ochoa 0-0: Ball
1-0: Ball
2-0: Ground out 6-3 (Groundball, 6, EV 100.6 MPH)
Batting: LHB Ryan Anderson 0-0: Ball
1-0: Foul Ball, location: 2F
1-1: Ball
2-1: Ball
3-1: Fly out, F7 (Flyball, 7LM, EV 89.4 MPH)
Batting: RHB Ryan Bentz 0-0: Ground out 4-3 (Groundball, 4, EV 100.6 MPH)
Top of the 7th over - 0 runs, 0 hits, 0 errors, 0 left on base; Salem-Keizer 0 - Cincinnati (NYP) 1
BOTTOM OF THE 7TH
Cincinnati (NYP) Reds batting - Pitching for Salem-Keizer Volcanoes : RHP Damian Molina
Batting: RHB Bill Hainey 0-0: Ball
1-0: Foul Ball, location: 2F
1-1: Ball
2-1: Ball
3-1: Called Strike
3-2: Fly out, F6 (Flyball, 6D, EV 85.0 MPH)
Batting: RHB Marcus Carter 0-0: Called Strike
0-1: Foul Ball, location: 2F
0-2: Strikes out swinging
Batting: RHB Chae-seong Lee 0-0: Called Strike
0-1: Fly out, F5 (Popup, 25F, EV 82.5 MPH)
Bottom of the 7th over - 0 runs, 0 hits, 0 errors, 0 left on base; Salem-Keizer 0 - Cincinnati (NYP) 1
TOP OF THE 8TH
Salem-Keizer Volcanoes batting - Pitching for Cincinnati (NYP) Reds : LHP Jerry Nero
Batting: RHB Willie Sanchez 0-0: Ball
1-0: Called Strike
1-1: SINGLE (Line Drive, 78D, EV 105.0 MPH)
Pitching: RHP Markus Bevan
Batting: RHB Ryan Johnston 0-0: Fielders Choice at 2nd, 4-6 (Groundball, 4, EV 90.0 MPH)
Batting: LHB Gil Caraveo 0-0: Ball
1-0: Called Strike
1-1: Ball
2-1: Foul Ball, location: 2F
2-2: Strikes out swinging
Batting: RHB Bill Defazio 0-0: Swinging Strike
0-1: Swinging Strike
0-2: Ball
1-2: Strikes out swinging
Top of the 8th over - 0 runs, 1 hit, 0 errors, 1 left on base; Salem-Keizer 0 - Cincinnati (NYP) 1
BOTTOM OF THE 8TH
Cincinnati (NYP) Reds batting - Pitching for Salem-Keizer Volcanoes : RHP Damian Molina
Pitching: LHP Caleb Mullinax
Batting: SHB Bryan Johnston 0-0: Ball
1-0: Called Strike
1-1: Swinging Strike
1-2: Ball
2-2: Ball
3-2: Foul Ball, location: 2F
3-2: Base on Balls
Batting: LHB Fernando Gomez 0-0: Called Strike
0-1: Fielders Choice at 2nd, 5-4 (Groundball, 6, EV 105.0 MPH)
Batting: RHB Ricky Carbajal 0-0: Ball
1-0: Called Strike
Fernando Gomez steals 2nd base
1-1: Intentional Walk
Batting: RHB Jamie Ingram 0-0: Ball
1-0: SINGLE (Groundball, 4MD, EV 100.0 MPH)
Fernando Gomez to third
Ricky Carbajal to second
Runner from 3rd tries for Home, SAFE, throw by CF to home
Batting: RHB Kagetoki Kawai 0-0: Swinging Strike
0-1: Foul Ball, location: 2F
0-2: Ball
1-2: Foul Ball, location: 2F
1-2: Ball
2-2: Strikes out swinging
Batting: RHB Dave Ruiz 0-0: Called Strike
0-1: Foul Ball, location: 2F
0-2: Ground out 6-3 (Groundball, 6S, EV 83.8 MPH)
Bottom of the 8th over - 1 run, 1 hit, 0 errors, 2 left on base; Salem-Keizer 0 - Cincinnati (NYP) 2
TOP OF THE 9TH
Salem-Keizer Volcanoes batting - Pitching for Cincinnati (NYP) Reds : RHP Markus Bevan
Pitching: RHP Giovonni Morgia
Batting: RHB Danny Gallo 0-0: Foul Ball, location: 2F
0-1: Ball
1-1: Ball
2-1: Ground out 6-3 (Groundball, 6, EV 86.2 MPH)
Batting: RHB Justin Layton 0-0: Foul Ball, location: 2F
0-1: Ball
1-1: Foul Ball, location: 2F
1-2: Ball
2-2: SINGLE (Groundball, 56S, EV 68.1 MPH) (infield hit)
Batting: RHB Gabe Ochoa 0-0: Ball
1-0: Swinging Strike
1-1: Ball
2-1: Ball
3-1: Called Strike
3-2: Ground out 4-3 (Groundball, 34, EV 83.8 MPH)
Justin Layton to second
Batting: LHB Ryan Anderson 0-0: Swinging Strike
0-1: SINGLE (Groundball, 4S, EV 88.1 MPH)
Justin Layton to third
Batting: RHB Ryan Bentz 0-0: Called Strike
0-1: Ball
1-1: Fielders Choice at 2nd, 6-4 (Groundball, 6, EV 101.2 MPH)
Top of the 9th over - 0 runs, 2 hits, 0 errors, 2 left on base; Salem-Keizer 0 - Cincinnati (NYP) 2
Thursday, March 31st , 2022 - OOTP Baseball 22.12 Build 89